TOP OF THE 1ST |
Tulsa Drillers batting - Pitching for Pensacola Blue Wahoos : LHP Suk-jin Sok
|
Pitching: LHP Suk-jin Sok
|
|
Batting: RHB Josh Crenwelge
|
0-0: Swinging Strike 0-1: Fly out, F9 (Flyball, 9LM, EV 91.2 MPH)
|
Batting: RHB Daniel Samano
|
0-0: Ball 1-0: Ball 2-0: Ball 3-0: Called Strike 3-1: Foul Ball, location: 2F 3-2: Foul Ball, location: 2F 3-2: Foul Ball, location: 2F 3-2: Foul Ball, location: 2F 3-2: Base on Balls
|
Batting: RHB Jonathan Kirsch
|
0-0: Ball Daniel Samano steals 2nd base (no throw) 1-0: Foul Ball, location: 2F 1-1: Foul Ball, location: 2F 1-2: Ball 2-2: Foul Ball, location: 2F 2-2: Ball 3-2: SINGLE (Groundball, 6, EV 96.9 MPH) Daniel Samano to third Runner from 3rd tries for Home, SAFE, throw by CF to home Jonathan Kirsch to second
|
Batting: RHB Nick Getz
|
0-0: Ball 1-0: Ball 2-0: Ball 3-0: Swinging Strike 3-1: Foul Ball, location: 2F 3-2: Strikes out swinging
|
Batting: SHB Nate Kopchak
|
0-0: Ball 1-0: Called Strike 1-1: Foul Ball, location: 2F 1-2: Strikes out swinging
|
Top of the 1st over - 1 run, 1 hit, 0 errors, 1 left on base; Tulsa 1 - Pensacola 0 |
BOTTOM OF THE 1ST |
Pensacola Blue Wahoos batting - Pitching for Tulsa Drillers : RHP Steve Mintz
|
Pitching: RHP Steve Mintz
|
|
Batting: RHB Tony Casas
|
0-0: Called Strike 0-1: Bunted foul 0-2: Ball 1-2: Ball 2-2: Strikes out looking
|
Batting: RHB Mike Alm
|
0-0: Ball 1-0: Swinging Strike 1-1: Called Strike 1-2: Strikes out swinging
|
Batting: RHB Juan Reyes
|
0-0: Swinging Strike 0-1: Swinging Strike 0-2: Fly out, F8 (Line Drive, 8RM, EV 95.6 MPH)
|
Bottom of the 1st over - 0 runs, 0 hits, 0 errors, 0 left on base; Tulsa 1 - Pensacola 0 |
TOP OF THE 2ND |
Tulsa Drillers batting - Pitching for Pensacola Blue Wahoos : LHP Suk-jin Sok
|
Batting: RHB Tony Rivera
|
0-0: Foul Ball, location: 2F 0-1: Ball 1-1: Ball 2-1: Fly out, F8 (Flyball, 89D, EV 80.6 MPH)
|
Batting: RHB Marcos Villalobos
|
0-0: Ground out 5-3 (Groundball, 5L, EV 89.4 MPH)
|
Batting: LHB Chris Buchan
|
0-0: Ball 1-0: Foul Ball, location: 2F 1-1: Fly out, F8 (Flyball, 8LD, EV 87.5 MPH)
|
Top of the 2nd over - 0 runs, 0 hits, 0 errors, 0 left on base; Tulsa 1 - Pensacola 0 |
BOTTOM OF THE 2ND |
Pensacola Blue Wahoos batting - Pitching for Tulsa Drillers : RHP Steve Mintz
|
Batting: RHB Jonathan Robies
|
0-0: Fly out, F8 (Flyball, 89D, EV 97.5 MPH)
|
Batting: RHB Jordan Torres
|
0-0: Swinging Strike 0-1: Swinging Strike 0-2: Ball 1-2: Strikes out swinging
|
Batting: LHB Brian Snyder
|
0-0: Foul Ball, location: 2F 0-1: Ball 1-1: Fly out, F8 (Flyball, 89D, EV 101.9 MPH)
|
Bottom of the 2nd over - 0 runs, 0 hits, 0 errors, 0 left on base; Tulsa 1 - Pensacola 0 |
TOP OF THE 3RD |
Tulsa Drillers batting - Pitching for Pensacola Blue Wahoos : LHP Suk-jin Sok
|
Batting: RHB Kyle Garrett
|
0-0: Called Strike 0-1: SINGLE (Groundball, 6, EV 98.8 MPH)
|
Batting: RHB Josh Crenwelge
|
0-0: Ball 1-0: SINGLE (Groundball, 56S, EV 71.9 MPH) (infield hit) Kyle Garrett to second
|
Batting: RHB Daniel Samano
|
0-0: Ball 1-0: Ball 2-0: Reached on error, E5 (Groundball, 56S, EV 68.8 MPH) Kyle Garrett to third Josh Crenwelge to second
|
Batting: RHB Jonathan Kirsch
|
0-0: Foul Ball, location: 2F 0-1: Ball 1-1: Foul Ball, location: 2F 1-2: Ball 2-2: Foul Ball, location: 2F 2-2: Foul Ball, location: 2F 2-2: DOUBLE (Line Drive, 8RXD, EV 100.0 MPH) Kyle Garrett scores Josh Crenwelge scores Daniel Samano to third Runner from 3rd tries for Home, SAFE, throw by CF to home
|
Batting: RHB Nick Getz
|
0-0: Ball 1-0: Ball 2-0: Ball 3-0: Called Strike 3-1: Base on Balls
|
Batting: SHB Nate Kopchak
|
0-0: Called Strike 0-1: Swinging Strike 0-2: Ball 1-2: Ball 2-2: Ball 3-2: Foul Ball, location: 2F 3-2: Fly out, F9 (Flyball, 9, EV 83.1 MPH)
|
Batting: RHB Tony Rivera
|
0-0: Fly out, F4 (Popup, 34S, EV 85.6 MPH)
|
Batting: RHB Marcos Villalobos
|
0-0: Fielders Choice at 2nd, 6-4 (Groundball, 6, EV 110.6 MPH)
|
Top of the 3rd over - 3 runs, 3 hits, 1 error, 2 left on base; Tulsa 4 - Pensacola 0 |
BOTTOM OF THE 3RD |
Pensacola Blue Wahoos batting - Pitching for Tulsa Drillers : RHP Steve Mintz
|
Batting: RHB Joe Kooyers
|
0-0: Called Strike 0-1: Ball 1-1: Ball 2-1: Called Strike 2-2: SINGLE (Groundball, 6MD, EV 100.0 MPH)
|
Batting: LHB Phil Lomax
|
0-0: Grounds into double play, 4-6-3 (Groundball, 4, EV 111.2 MPH)
|
Batting: RHB Pat Mage
|
0-0: SINGLE (Groundball, 4MD, EV 103.1 MPH)
|
Batting: RHB Tony Casas
|
0-0: Called Strike 0-1: Foul Ball, location: 2F 0-2: Ball 1-2: Ground out 5-3 (Groundball, 5S, EV 62.5 MPH)
|
Bottom of the 3rd over - 0 runs, 2 hits, 0 errors, 1 left on base; Tulsa 4 - Pensacola 0 |
TOP OF THE 4TH |
Tulsa Drillers batting - Pitching for Pensacola Blue Wahoos : LHP Suk-jin Sok
|
Batting: LHB Chris Buchan
|
0-0: Swinging Strike 0-1: Foul Ball, location: 2F 0-2: Foul Ball, location: 2F 0-2: Ball 1-2: Strikes out swinging
|
Batting: RHB Kyle Garrett
|
0-0: Foul Ball, location: 2F 0-1: Swinging Strike 0-2: Strikes out swinging
|
Batting: RHB Josh Crenwelge
|
0-0: Foul Ball, location: 2F 0-1: Called Strike 0-2: Ball 1-2: SINGLE (Groundball, 56D, EV 104.4 MPH)
|
Batting: RHB Daniel Samano
|
0-0: Ball 1-0: Ball 2-0: Ball 3-0: Reached on error, E4 (Groundball, 4, EV 84.4 MPH) Josh Crenwelge to third
|
Batting: RHB Jonathan Kirsch
|
0-0: Called Strike 0-1: Ball 1-1: Swinging Strike 1-2: Ground out 5-3 (Groundball, 56, EV 85.0 MPH)
|
Top of the 4th over - 0 runs, 1 hit, 1 error, 2 left on base; Tulsa 4 - Pensacola 0 |
BOTTOM OF THE 4TH |
Pensacola Blue Wahoos batting - Pitching for Tulsa Drillers : RHP Steve Mintz
|
Batting: RHB Mike Alm
|
0-0: Ball 1-0: Foul Ball, location: 2F 1-1: Swinging Strike 1-2: Strikes out looking
|
Batting: RHB Juan Reyes
|
0-0: Ball 1-0: Called Strike 1-1: SINGLE (Groundball, 5D, EV 102.5 MPH)
|
Batting: RHB Jonathan Robies
|
0-0: Swinging Strike 0-1: SINGLE (Flyball, 89S, EV 91.9 MPH) Juan Reyes to second Runner from 2nd tries for 3rd, SAFE, throw by RF made to third
|
Batting: RHB Jordan Torres
|
0-0: Ball 1-0: Called Strike 1-1: Ball 2-1: Grounds into double play, 4-6-3 (Groundball, 34, EV 85.6 MPH)
|
Bottom of the 4th over - 0 runs, 2 hits, 0 errors, 1 left on base; Tulsa 4 - Pensacola 0 |
TOP OF THE 5TH |
Tulsa Drillers batting - Pitching for Pensacola Blue Wahoos : LHP Suk-jin Sok
|
Batting: RHB Nick Getz
|
0-0: Foul Ball, location: 2F 0-1: Ball 1-1: Called Strike 1-2: Reached on error, E6 (Groundball, 6, EV 102.5 MPH)
|
Batting: SHB Nate Kopchak
|
Pickoff Throw to First - Error! E1 Nick Getz to second 0-0: Ball 1-0: Foul Ball, location: 2F 1-1: Ball 2-1: Ball 3-1: SINGLE (Line Drive, 89S, EV 106.2 MPH) Nick Getz to third
|
Batting: RHB Tony Rivera
|
0-0: Swinging Strike 0-1: Ball 1-1: Fielders Choice at 2nd, 4-6 (Groundball, 34, EV 105.0 MPH) Nick Getz scores
|
Batting: RHB Marcos Villalobos
|
0-0: Called Strike 0-1: Ball 1-1: Ball Tony Rivera steals 2nd base (no throw) 2-1: Foul Ball, location: 2F 2-2: Ball 3-2: SINGLE (Groundball, 5S, EV 74.4 MPH) (infield hit) Tony Rivera to third
|
Pitching: LHP Israel Serrano
|
|
Batting: LHB Chris Buchan
|
0-0: Ball 1-0: Called Strike Marcos Villalobos steals 2nd base 1-1: Foul Ball, location: 2F Balk! Tony Rivera scores Marcos Villalobos to third 1-2: Strikes out looking
|
Batting: RHB Kyle Garrett
|
0-0: Ball 1-0: Called Strike 1-1: Called Strike 1-2: Foul Ball, location: 2F 1-2: Strikes out looking
|
Top of the 5th over - 2 runs, 2 hits, 2 errors, 1 left on base; Tulsa 6 - Pensacola 0 |
BOTTOM OF THE 5TH |
Pensacola Blue Wahoos batting - Pitching for Tulsa Drillers : RHP Steve Mintz
|
Batting: LHB Brian Snyder
|
0-0: Ball 1-0: Ground out 4-3 (Groundball, 4, EV 102.5 MPH)
|
Batting: RHB Joe Kooyers
|
0-0: Called Strike 0-1: Ball 1-1: Ball 2-1: Called Strike 2-2: Foul Ball, location: 2F 2-2: Ground out 4-3 (Groundball, 6M, EV 84.4 MPH)
|
Batting: LHB Phil Lomax
|
0-0: Ball 1-0: Ball 2-0: Fly out, F9 (Line Drive, 9S, EV 91.9 MPH)
|
Bottom of the 5th over - 0 runs, 0 hits, 0 errors, 0 left on base; Tulsa 6 - Pensacola 0 |
TOP OF THE 6TH |
Tulsa Drillers batting - Pitching for Pensacola Blue Wahoos : LHP Israel Serrano
|
Batting: RHB Josh Crenwelge
|
0-0: Fly out, F4 (Popup, 34S, EV 89.4 MPH)
|
Batting: RHB Daniel Samano
|
0-0: Ball 1-0: Ball 2-0: Ground out 6-3 (Groundball, 6, EV 97.5 MPH)
|
Batting: RHB Jonathan Kirsch
|
0-0: Ball 1-0: Ground out 4-3 (Groundball, 4, EV 81.9 MPH)
|
Top of the 6th over - 0 runs, 0 hits, 0 errors, 0 left on base; Tulsa 6 - Pensacola 0 |
BOTTOM OF THE 6TH |
Pensacola Blue Wahoos batting - Pitching for Tulsa Drillers : RHP Steve Mintz
|
Batting: RHB Pat Mage
|
0-0: Called Strike 0-1: Ground out 4-3 (Groundball, 4S, EV 83.8 MPH)
|
Batting: RHB Tony Casas
|
0-0: Foul Ball, location: 2F 0-1: Ball 1-1: Ball 2-1: Called Strike 2-2: Foul Ball, location: 2F 2-2: Ball 3-2: Foul Ball, location: 2F 3-2: Base on Balls
|
Batting: RHB Mike Alm
|
0-0: Called Strike 0-1: Ball Tony Casas steals 2nd base 1-1: Called Strike 1-2: Strikes out swinging
|
Batting: RHB Juan Reyes
|
0-0: Called Strike 0-1: Ball 1-1: Foul Ball, location: 2F 1-2: Ground out 6-3 (Groundball, 6, EV 90.0 MPH)
|
Bottom of the 6th over - 0 runs, 0 hits, 0 errors, 1 left on base; Tulsa 6 - Pensacola 0 |
TOP OF THE 7TH |
Tulsa Drillers batting - Pitching for Pensacola Blue Wahoos : LHP Israel Serrano
|
Batting: RHB Nick Getz
|
0-0: SINGLE (Line Drive, 8LS, EV 111.9 MPH)
|
Batting: SHB Nate Kopchak
|
0-0: Ball 1-0: Foul Ball, location: 2F 1-1: SINGLE (Groundball, 6M, EV 96.2 MPH) Nick Getz to second Runner from 2nd tries for 3rd, SAFE, throw by CF made to third
|
Batting: RHB Tony Rivera
|
0-0: Ball 1-0: Foul Ball, location: 2F 1-1: Foul Ball, location: 2F 1-2: Ball 2-2: Fly out, F9 (Flyball, 9, EV 90.6 MPH) Runner from 3rd tags up, SCORES, throw by RF
|
Batting: RHB Marcos Villalobos
|
0-0: Called Strike 0-1: Ball 1-1: Foul Ball, location: 2F 1-2: Ball 2-2: Ball 3-2: SINGLE (Line Drive, 8LS, EV 110.0 MPH) Nate Kopchak to second Nate Kopchak to third
|
Pinch Hitting: LHB Kevin Wiebe
|
0-0: Ball 1-0: Called Strike Marcos Villalobos steals 2nd base 1-1: Foul Ball, location: 2F 1-2: Strikes out looking
|
Batting: RHB Kyle Garrett
|
0-0: Called Strike 0-1: Ball 1-1: Foul Ball, location: 2F 1-2: Ball 2-2: Ground out U3 (Groundball, 3S, EV 62.5 MPH)
|
Top of the 7th over - 1 run, 3 hits, 0 errors, 2 left on base; Tulsa 7 - Pensacola 0 |
BOTTOM OF THE 7TH |
Pensacola Blue Wahoos batting - Pitching for Tulsa Drillers : RHP Steve Mintz
|
Now at 1B: Kevin Wiebe
|
|
Batting: RHB Jonathan Robies
|
0-0: Ball 1-0: Ground out 2-3 (Groundball, 15S, EV 68.8 MPH)
|
Batting: RHB Jordan Torres
|
0-0: Ball 1-0: Called Strike 1-1: Called Strike 1-2: Strikes out swinging
|
Batting: LHB Brian Snyder
|
0-0: Foul Ball, location: 2F 0-1: Called Strike 0-2: Ball 1-2: Strikes out swinging
|
Bottom of the 7th over - 0 runs, 0 hits, 0 errors, 0 left on base; Tulsa 7 - Pensacola 0 |
TOP OF THE 8TH |
Tulsa Drillers batting - Pitching for Pensacola Blue Wahoos : LHP Israel Serrano
|
Batting: RHB Josh Crenwelge
|
0-0: Called Strike 0-1: Ball 1-1: Fly out, F9 (Flyball, 9D, EV 102.5 MPH)
|
Batting: RHB Daniel Samano
|
0-0: SOLO HOME RUN (Flyball, 78XD, EV 109.4 MPH), Distance : 415 ft
|
Batting: RHB Jonathan Kirsch
|
0-0: Called Strike 0-1: Fly out, F9 (Flyball, 9, EV 75.0 MPH)
|
Batting: RHB Nick Getz
|
0-0: Called Strike 0-1: Foul Ball, location: 2F 0-2: Ball 1-2: Ball 2-2: DOUBLE (Groundball, 5L, EV 110.6 MPH)
|
Batting: SHB Nate Kopchak
|
0-0: DOUBLE (Flyball, 8RXD, EV 109.4 MPH) Nick Getz scores
|
Pitching: LHP Bob Hale
|
|
Batting: RHB Tony Rivera
|
0-0: Ball 1-0: Swinging Strike 1-1: SINGLE (Groundball, 6S, EV 68.1 MPH) (infield hit) Nate Kopchak to third
|
Batting: RHB Marcos Villalobos
|
0-0: Called Strike 0-1: Ball Wild Pitch! Nate Kopchak scores Tony Rivera to second 1-1: Ball 2-1: Ball 3-1: Ground out 5-3 (Groundball, 5, EV 83.1 MPH)
|
Top of the 8th over - 3 runs, 4 hits, 0 errors, 1 left on base; Tulsa 10 - Pensacola 0 |
BOTTOM OF THE 8TH |
Pensacola Blue Wahoos batting - Pitching for Tulsa Drillers : RHP Steve Mintz
|
Batting: RHB Joe Kooyers
|
0-0: Called Strike 0-1: Reached on error, E5 (Groundball, 56S, EV 86.2 MPH)
|
Batting: LHB Phil Lomax
|
0-0: Foul Ball, location: 2F 0-1: Foul Ball, location: 2F 0-2: Strikes out swinging
|
Batting: RHB Pat Mage
|
0-0: Foul Ball, location: 2F 0-1: Ball 1-1: Called Strike 1-2: Strikes out swinging
|
Batting: RHB Tony Casas
|
0-0: Swinging Strike 0-1: Foul Ball, location: 2F 0-2: Fly out, F9 (Flyball, 9, EV 95.6 MPH)
|
Bottom of the 8th over - 0 runs, 0 hits, 1 error, 1 left on base; Tulsa 10 - Pensacola 0 |
TOP OF THE 9TH |
Tulsa Drillers batting - Pitching for Pensacola Blue Wahoos : LHP Bob Hale
|
Batting: LHB Kevin Wiebe
|
0-0: Ball 1-0: Ball 2-0: Ground out 4-3 (Groundball, 4, EV 88.1 MPH)
|
Batting: RHB Kyle Garrett
|
0-0: Swinging Strike 0-1: Ball 1-1: Foul Ball, location: 2F 1-2: Ball 2-2: Strikes out swinging
|
Batting: RHB Josh Crenwelge
|
0-0: Ball 1-0: Foul Ball, location: 2F 1-1: Ball 2-1: Ground out 4-3 (Groundball, 4, EV 103.1 MPH)
|
Top of the 9th over - 0 runs, 0 hits, 0 errors, 0 left on base; Tulsa 10 - Pensacola 0 |
BOTTOM OF THE 9TH |
Pensacola Blue Wahoos batting - Pitching for Tulsa Drillers : RHP Steve Mintz
|
Pitching: RHP Nobuharu Kobayashi
|
|
Batting: RHB Mike Alm
|
0-0: Ball 1-0: Called Strike 1-1: Called Strike 1-2: Strikes out swinging
|
Batting: RHB Juan Reyes
|
0-0: Ball 1-0: Foul Ball, location: 2F 1-1: Ball 2-1: Foul Ball, location: 2F 2-2: Foul Ball, location: 2F 2-2: Strikes out swinging
|
Batting: RHB Jonathan Robies
|
0-0: Ball 1-0: Foul Ball, location: 2F 1-1: Foul Ball, location: 2F 1-2: Foul Ball, location: 2F 1-2: Strikes out swinging
|
Bottom of the 9th over - 0 runs, 0 hits, 0 errors, 0 left on base; Tulsa 10 - Pensacola 0 |
|